Map: Dusk Towers

Players

Bails

  • Race: Protoss Protoss
  • League: Master

Kelazhur - Winner!

  • Race: Terran Terran

Event: SpawningTool Invitational 1

VOD

https://www.youtube.com/watch?v=y051JGJX31k

Description

Time

  • Played on: May 30, 2016, 8:17 p.m.
  • Length: 8:49

All games in this series

Show
View Real Time Build Order
Export as new Build Order

Bails Protoss 

Build Orders: 1 Gate Expand 

Get SALT Encoding   

  12  0:00  Probe (Chrono Boost)  
  13  0:11  Probe (Chrono Boost)  
  14  0:17  Pylon  
  14  0:22  Probe (Chrono Boost)  
  15  0:35  Probe (Chrono Boost)  
  16  0:37  Gateway  
  16  0:45  Probe (Chrono Boost)  
  16  0:47  Assimilator  
  17  0:56  Probe (Chrono Boost)  
  18  1:07  Probe (Chrono Boost)  
  19  1:17  Probe (Chrono Boost)  
  20  1:22  Nexus  
  20  1:32  Cybernetics Core  
  20  1:36  Probe (Chrono Boost)  
  21  1:43  Assimilator  
  21  1:46  Probe (Chrono Boost)  
  22  1:51  Pylon  
  22  1:57  Probe (Chrono Boost)  
  23  2:09  Adept  
  23  2:10  Mothership Core (Chrono Boost)  
  27  2:18  Warp Gate  
  27  2:20  Pylon  
  26  2:28  Probe (Chrono Boost)  
  25  2:35  Probe (Chrono Boost)  
  26  2:38  Probe (Chrono Boost)  
  26  2:42  Adept  
  29  2:47  Probe (Chrono Boost)  
  30  3:00  Robotics Facility  
  30  3:03  Probe (Chrono Boost)  
  31  3:06  Probe (Chrono Boost)  
  31  3:11  Adept  
  34  3:18  Probe (Chrono Boost)  
  36  3:20  Probe (Chrono Boost)  
  36  3:28  Probe (Chrono Boost)  
  36  3:29  Pylon  
  36  3:30  Probe (Chrono Boost)  
  38  3:39  Probe (Chrono Boost)  
  38  3:40  Probe (Chrono Boost)  
  40  3:42  Pylon  
  40  3:48  Warp Prism (Chrono Boost)  
  40  3:53  Probe  
  40  3:54  Probe  
  41  4:05  Gateway, Probe  
  41  4:06  Probe  
  43  4:16  Gateway  
  41  4:20  Stalker  
  45  4:27  Immortal (Chrono Boost)  
  46  4:31  Probe  
  46  4:35  Probe  
  47  4:43  Probe  
  48  4:46  Stalker  
  48  4:50  Probe  
  49  4:56  Probe  
  50  5:05  Stalker  
  52  5:11  Stalker  
  52  5:12  Probe x2  
  50  5:23  Robotics Facility  
  50  5:29  Stalker x2  
  54  5:42  Pylon  
  54  5:47  Pylon  
  54  6:02  Stalker x2  
  55  6:11  Warp Prism (Chrono Boost)  
  55  6:24  Gateway x2  
  55  6:31  Gateway  
  55  6:34  Pylon  
  55  6:38  Stalker x2  
  59  6:46  Stalker  
  57  6:57  Observer (Chrono Boost)  
  58  7:07  Adept x2  
  66  7:16  Immortal (Chrono Boost)  
  66  7:24  Pylon  
  66  7:28  Adept x3  
  66  7:29  Adept x3  
  78  7:33  Pylon  
  78  7:55  Adept x6  
  80  8:13  Assimilator  
  80  8:15  Adept x4  
  80  8:16  Adept  
  80  8:18  Assimilator  
  90  8:20  Pylon  
Show
View Real Time Build Order
Export as new Build Order

Kelazhur Terran - Winner!

Build Orders: Cyclone Opening, MMM Bio 

Get SALT Encoding   

  12  0:00  SCV  
  13  0:13  SCV  
  14  0:18  Supply Depot  
  14  0:25  SCV  
  15  0:39  SCV  
  16  0:43  Barracks  
  16  0:47  Refinery  
  16  0:51  SCV  
  16  0:56  Refinery  
  17  1:03  SCV  
  18  1:16  SCV  
  19  1:30  Orbital Command  
  19  1:31  Reaper  
  20  1:33  Supply Depot  
  20  1:48  Factory  
  20  1:56  SCV  
  21  2:03  Reaper  
  21  2:08  SCV  
  23  2:32  Starport  
  23  2:34  Factory Tech Lab  
  23  2:35  SCV  
  23  2:50  SCV  
  24  2:53  Cyclone  
  24  2:56  Supply Depot  
  28  3:02  SCV  
  29  3:06  Command Center  
  29  3:08  Starport Tech Lab  
  29  3:09  Liberator  
  29  3:14  SCV  
  32  3:27  SCV  
  32  3:34  Cyclone  
  37  3:39  Barracks  
  37  3:53  SCV  
  38  3:59  Barracks  
  38  4:01  Supply Depot  
  38  4:07  SCV  
  39  4:12  Liberator  
  39  4:19  Cyclone  
  39  4:22  SCV  
  47  4:32  Barracks Tech Lab  
  47  4:34  Orbital Command  
  47  4:35  SCV  
  44  4:47  SCV  
  45  4:54  Marine x3  
  45  4:55  Stimpack  
  45  4:59  SCV  
  49  5:00  Cyclone  
  49  5:04  SCV  
  54  5:07  Liberator  
  54  5:11  SCV  
  54  5:12  Marine x2  
  57  5:16  SCV  
  55  5:23  SCV  
  55  5:27  Marine, Refinery  
  55  5:28  Refinery  
  60  5:29  SCV  
  60  5:30  Supply Depot, Marine  
  62  5:41  Supply Depot  
  62  5:42  Engineering Bay  
  62  5:51  Marine  
  62  5:52  SCV x2  
  62  5:54  Barracks Reactor  
  65  5:58  Supply Depot  
  65  6:02  Command Center  
  65  6:04  SCV x2, Combat Shields  
  67  6:05  Marauder  
  69  6:11  Factory Reactor  
  69  6:16  Marauder, SCV x2  
  70  6:22  Supply Depot  
  70  6:26  Marauder  
  70  6:28  SCV x2  
  70  6:31  Marine x2  
  76  6:38  Marauder  
  78  6:40  SCV  
  78  6:42  Terran Infantry Weapons Level 1, SCV  
  78  6:44  Supply Depot  
  78  6:46  Supply Depot  
  80  6:50  Marine x2, Marauder  
  80  6:52  SCV  
  82  6:54  SCV  
  82  6:59  Marauder  
  82  7:00  Concussive Shells  
  85  7:04  SCV  
  85  7:07  Factory Reactor  
  86  7:11  Barracks  
  86  7:12  Barracks  
  86  7:14  Marine x2  
  86  7:15  Marauder  
  90  7:17  Orbital Command  
  90  7:19  SCV x2  
  90  7:21  Marauder  
  93  7:30  Missile Turret  
  93  7:31  Medivac x2  
  93  7:32  Marine, Missile Turret  
  93  7:33  Marine  
  93  7:36  SCV  
  93  7:37  SCV  
  101  7:38  Marauder  
  101  7:43  Supply Depot  
  102  7:55  Marine x2, Marauder  
  102  8:05  Marauder, SCV  
  99  8:10  Marine x2  
  93  8:12  Marine  
  93  8:15  Marine  
  93  8:17  Marauder  
  93  8:18  Widow Mine x2  
  105  8:21  SCV x2, Armory  
  105  8:22  Engineering Bay  
  105  8:25  SCV  
  105  8:26  Marine  
Tags
 
Add a new tag
Caveats
  • Supply blocks, unpowered buildings, or Contaminate may cause inaccurate times.
  • Supply counts are checked every 10 seconds.